[Event "Titled Tuesday Blitz November 14 Late 2023"]
[White "Kubicka, Anna"]
[Black "Hafiz, Arif Abdul"]
[WhiteFideId "1152254"]
[BlackFideId "7104227"]
[WhiteElo "2454"]
[BlackElo "2809"]
[Result "0-1"]
[Round "1"]
[TimeControl "180+1"]
[Date "2023.11.14"]
[WhiteClock "0:00:56"]
[BlackClock "0:01:36"]
[Board "47"]

1. e4 e5 2. Nf3 Nc6 3. Bb5 a6 4. Ba4 Nf6 5. O-O b5 6. Bb3 Bc5 7. c3 d6 8. h3 h6 9. d4 Bb6 10. dxe5 Nxe5 11. Nxe5 dxe5 12. Qxd8+ Kxd8 13. Bxf7 Rf8 14. Bd5 Nxd5 15. exd5 Bb7 16. Be3 Bxe3 17. fxe3 Rxf1+ 18. Kxf1 Bxd5 19. Nd2 Ke7 20. e4 Be6 21. Ke2 a5 22. Nf3 Kf6 23. Ke3 g5 24. a3 Rd8 25. Rf1 Bc4 26. Re1 c5 27. Rc1 h5 28. Rc2 g4 29. hxg4 hxg4 30. Nd2 Rd3+ 31. Kf2 g3+ 32. Kg1 Bb3 0-1


[Site "https://www.chess.com"]

[Event "Titled Tuesday Blitz November 14 Late 2023"]
[White "Ghasi, Ameet K"]
[Black "Koc, Przemyslaw"]
[WhiteFideId "409200"]
[BlackFideId "1109081"]
[WhiteElo "2807"]
[BlackElo "2453"]
[Result "1-0"]
[Round "1"]
[TimeControl "180+1"]
[Date "2023.11.14"]
[WhiteClock "0:02:30"]
[BlackClock "0:01:23"]
[Board "48"]

1. b3 e5 2. Bb2 d6 3. c4 f5 4. e3 Nf6 5. h4 Be7 6. Nc3 O-O 7. d4 c6 8. Nf3 Kh8 9. dxe5 dxe5 10. Qxd8 Bxd8 11. Nxe5 Be6 12. O-O-O Bc7 13. Ne2 Ne4 14. Nd3 Na6 15. f3 Nec5 16. Ndf4 Bf7 17. h5 Kg8 18. Nd4 Nb4 19. a3 Nba6 20. Nxf5 Bxf4 21. exf4 Nxb3+ 22. Kc2 Nac5 23. Ne7+ Kh8 24. h6 Bg6+ 25. Nxg6+ 1-0


[Site "https://www.chess.com"]

[Event "Titled Tuesday Blitz November 14 Late 2023"]
[White "Kustar, Sandor"]
[Black "Dourerassou, Jonathan"]
[WhiteFideId "702900"]
[BlackFideId "628050"]
[WhiteElo "2439"]
[BlackElo "2803"]
[Result "1-0"]
[Round "1"]
[TimeControl "180+1"]
[Date "2023.11.14"]
[WhiteClock "0:00:14"]
[BlackClock "0:00:12"]
[Board "49"]

1. Nf3 Nf6 2. c4 g6 3. d4 Bg7 4. g3 O-O 5. Bg2 d5 6. cxd5 Nxd5 7. O-O Nb6 8. Nc3 Nc6 9. d5 Nb4 10. e4 e6 11. a3 Na6 12. Bg5 Qe8 13. Rc1 exd5 14. exd5 Bg4 15. h3 Bxf3 16. Qxf3 Nc4 17. Rfe1 Ne5 18. Qe3 Qd7 19. Ne4 f5 20. Nc5 Nxc5 21. Rxc5 Rfe8 22. Rec1 Rac8 23. Qb3 Nf7 24. Bf4 Nd6 25. Qc2 Nb5 26. Bf1 Nd4 27. Qd3 c6 28. R1c4 cxd5 29. Rxc8 dxc4 30. Qxc4+ Kh8 31. Rc7 Nf3+ 32. Kg2 Ne1+ 33. Kh1 Qd1 34. Qf7 Qf3+ 35. Kg1 Rg8 36. Be5 Qxg3+ 37. fxg3 Nf3+ 38. Kf2 Nxe5 39. Qe6 Nc6 40. Rxb7 Nd8 41. Qd7 Nxb7 42. Qxb7 Bd4+ 43. Kf3 Re8 44. Bc4 Re3+ 45. Kf4 Bb6 46. Qf7 Re4+ 47. Kf3 Re3+ 48. Kg2 Re8 49. Qf6# 1-0


[Site "https://www.chess.com"]

[Event "Titled Tuesday Blitz November 14 Late 2023"]
[White "Bazeev, German"]
[Black "Nikologorsky, Matfei"]
[WhiteFideId "24119350"]
[BlackFideId "24102474"]
[WhiteElo "2796"]
[BlackElo "2437"]
[Result "1-0"]
[Round "1"]
[TimeControl "180+1"]
[Date "2023.11.14"]
[WhiteClock "0:01:00"]
[BlackClock "0:00:05"]
[Board "50"]

1. d4 Nf6 2. Bg5 c5 3. Bxf6 gxf6 4. d5 Qb6 5. Qc1 Bg7 6. c3 d6 7. g3 Nd7 8. Bg2 Ne5 9. Nd2 Bd7 10. Ngf3 h5 11. Qc2 Qa6 12. Nxe5 fxe5 13. h4 Bg4 14. Bf3 Bd7 15. Be4 Bh6 16. e3 Bg4 17. Bd3 Qb6 18. a4 a6 19. Nc4 Qc7 20. Bf5 Rb8 21. a5 Bf3 22. Rg1 Bg7 23. e4 Bh6 24. Qd3 Bg4 25. Bxg4 hxg4 26. Nb6 e6 27. Rd1 Rd8 28. Qc4 Ke7 29. Ke2 Bg7 30. Rd3 Bf8 31. Rgd1 Kf6 32. f3 gxf3+ 33. Rxf3+ Ke7 34. Rdf1 Rh7 35. Rxf7+ Rxf7 36. dxe6 Qc6 37. Rxf7+ Ke8 38. Nd5 Be7 1-0


[Site "https://www.chess.com"]

[Event "Titled Tuesday Blitz November 14 Late 2023"]
[White "Wanyama, Harold"]
[Black "Tatarinov, Dmitry"]
[WhiteFideId "10000380"]
[BlackFideId "24160067"]
[WhiteElo "2437"]
[BlackElo "2794"]
[Result "1/2-1/2"]
[Round "1"]
[TimeControl "180+1"]
[Date "2023.11.14"]
[WhiteClock "0:00:18"]
[BlackClock "0:00:23"]
[Board "51"]

1. d4 Nf6 2. c4 e6 3. g3 c5 4. d5 exd5 5. cxd5 d6 6. Nc3 g6 7. Bg2 Bg7 8. Nf3 O-O 9. O-O Re8 10. Nd2 a6 11. a4 Nbd7 12. Nc4 Ne5 13. Nxe5 Rxe5 14. h3 Re8 15. e4 Nd7 16. Re1 Rb8 17. a5 b5 18. axb6 Rxb6 19. Kh2 h5 20. Qc2 h4 21. g4 g5 22. Nd1 Be5+ 23. Kg1 Qf6 24. Ne3 Bxb2 25. Rb1 Bxc1 26. Rexc1 Rxb1 27. Rxb1 Ne5 28. Rb6 Bd7 29. Rxa6 Bb5 30. Rb6 Bd3 31. Qxc5 Nf3+ 32. Bxf3 Qxf3 33. Qxd6 Bxe4 34. Qh2 Bxd5 35. Rb1 Be4 36. Re1 Rd8 37. Qg2 Qf4 38. Qf1 Rd2 39. Ng2 Qe5 40. f3 Qd4+ 41. Kh1 Bd5 42. Qg1 Bxf3 43. Qxd4 Rxd4 44. Rf1 Bd5 45. Rf2 Rd3 46. Kh2 Kg7 47. Ne1 Rc3 48. Nc2 Be4 49. Nd4 Kg6 50. Nf5 Rc2 51. Rxc2 Bxc2 52. Ne3 Be4 53. Kg1 Kf6 54. Kf2 Ke5 55. Nf1 Kf4 56. Nd2 Bd5 57. Nb1 Ke5 58. Nc3 Kd4 59. Ne2+ Ke4 60. Nc1 Ke5 61. Ne2 Bc4 62. Nc3 Kd4 63. Nd1 Bd3 64. Ne3 Ke4 65. Ng2 Bc4 66. Ne1 Be6 67. Nc2 Kf4 68. Ne3 f5 69. gxf5 Bf7 70. Ng4 Kxf5 71. Nh6+ Kf6 72. Nxf7 Kxf7 73. Kf3 Kf6 74. Kg4 Kg6 75. Kf3 Kf5 76. Ke3 Ke5 77. Kf3 Kf5 78. Ke3 Kf6 79. Kf3 Kg7 80. Kg4 Kg6 81. Kf3 Kf5 1/2-1/2


[Site "https://www.chess.com"]

[Event "Titled Tuesday Blitz November 14 Late 2023"]
[White "Troff, Kayden"]
[Black "Polaczek, Richard"]
[WhiteFideId "2047896"]
[BlackFideId "200026"]
[WhiteElo "2793"]
[BlackElo "2435"]
[Result "1-0"]
[Round "1"]
[TimeControl "180+1"]
[Date "2023.11.14"]
[WhiteClock "0:01:14"]
[BlackClock "0:00:00"]
[Board "52"]

1. d4 Nf6 2. Nf3 d5 3. Bf4 c5 4. e3 Nc6 5. Nc3 a6 6. dxc5 e6 7. Na4 Nd7 8. Bd6 Bxd6 9. cxd6 b5 10. Nc3 Nc5 11. Be2 Qxd6 12. O-O O-O 13. Nd4 b4 14. Nb1 Nxd4 15. Qxd4 a5 16. a3 e5 17. Qd1 Rb8 18. axb4 axb4 19. Nd2 Bb7 20. Bf3 Rfd8 21. Ra5 Qb6 22. Ra2 e4 23. Be2 d4 24. Nc4 Qf6 25. exd4 Rxd4 26. Qc1 Ba6 27. b3 Bxc4 28. Bxc4 Rbd8 29. Qe3 g6 30. Ra7 Rd1 31. Qxc5 Rxf1+ 32. Bxf1 1-0


[Site "https://www.chess.com"]

[Event "Titled Tuesday Blitz November 14 Late 2023"]
[White "PoXerStar"]
[Black "Holt, Conrad"]
[BlackFideId "2034387"]
[WhiteElo "2433"]
[BlackElo "2793"]
[Result "1-0"]
[Round "1"]
[TimeControl "180+1"]
[Date "2023.11.14"]
[WhiteClock "0:00:12"]
[BlackClock "0:00:01"]
[Board "53"]

1. d4 d5 2. c4 c6 3. cxd5 cxd5 4. Nc3 Nc6 5. Bf4 Bf5 6. e3 e6 7. h4 Nf6 8. f3 h5 9. Bd3 Qb6 10. Bxf5 exf5 11. Qd2 Na5 12. Nge2 Be7 13. O-O O-O 14. b3 Rac8 15. Qd3 Bb4 16. Bg5 Rfd8 17. Rac1 Bxc3 18. Nxc3 Qe6 19. Ne2 Nc6 20. Nf4 Qd6 21. Rc5 Ne7 22. Rfc1 Rxc5 23. dxc5 Qe5 24. Qd4 Qxd4 25. exd4 Nc6 26. Rd1 Kh7 27. Bxf6 gxf6 28. Nxh5 Kg6 29. Nf4+ Kg7 30. Kf2 a5 31. a3 Na7 32. b4 a4 33. Ne2 Nb5 34. Rd3 Re8 35. Nc3 Nxc3 36. Rxc3 f4 37. b5 Kf8 38. c6 bxc6 39. Rxc6 Ke7 40. Rc7+ Ke6 41. b6 Rh8 42. b7 Rb8 43. h5 Kf5 44. h6 Kg6 45. Ke2 Kxh6 46. Kd3 Kg6 47. Kc3 Kf5 48. Kb4 Ke6 49. Kc5 f5 50. Kb6 f6 51. Rc8 1-0


[Site "https://www.chess.com"]

[Event "Titled Tuesday Blitz November 14 Late 2023"]
[White "Brodsky, David"]
[Black "Villarreal, Agustin"]
[WhiteFideId "2073250"]
[BlackFideId "125687"]
[WhiteElo "2792"]
[BlackElo "2433"]
[Result "1-0"]
[Round "1"]
[TimeControl "180+1"]
[Date "2023.11.14"]
[WhiteClock "0:00:11"]
[BlackClock "0:00:16"]
[Board "54"]

1. e4 e5 2. Nf3 Nc6 3. d4 exd4 4. Nxd4 Nf6 5. Nxc6 bxc6 6. e5 Qe7 7. Qe2 Nd5 8. h4 a5 9. c4 Ba6 10. g3 Nb6 11. Nd2 Qe6 12. b3 Bb4 13. Bh3 Qe7 14. O-O O-O 15. Bb2 Rae8 16. Ne4 d5 17. Nf6+ Qxf6 18. a3 Bd6 19. Rfe1 Qg6 20. Qf3 Bc5 21. Bf5 Qh6 22. Bc1 Qe6 23. Bxe6 fxe6 24. Bf4 Bd4 25. Rad1 c5 26. Qg4 dxc4 27. Be3 Bxe3 28. Rxe3 Nd5 29. Rf3 c3 30. Rxf8+ Kxf8 31. Rxd5 exd5 32. Qf3+ Ke7 33. Qxd5 c4 34. bxc4 Rd8 35. Qc5+ Ke8 36. Qc6+ Ke7 37. Qxc7+ Rd7 38. Qc5+ Ke8 39. Qc6 c2 40. e6 c1=Q+ 41. Kh2 Qd2 42. exd7+ Qxd7 43. Qxa6 Qa4 44. Qb5+ Qxb5 45. cxb5 a4 46. g4 Kd7 47. f4 Kc7 48. f5 Kb6 49. g5 Kxb5 50. f6 gxf6 51. gxf6 Kc4 52. f7 Kb3 53. f8=Q h5 54. Qb4+ Ka2 55. Qxa4 Kb2 56. Qb4+ Ka2 57. a4 1-0


[Site "https://www.chess.com"]

[Event "Titled Tuesday Blitz November 14 Late 2023"]
[White "Yeritsyan, Hayk"]
[Black "Maksimovic, Bojan"]
[WhiteFideId "13307320"]
[BlackFideId "14408120"]
[WhiteElo "2432"]
[BlackElo "2788"]
[Result "0-1"]
[Round "1"]
[TimeControl "180+1"]
[Date "2023.11.14"]
[WhiteClock "0:00:02"]
[BlackClock "0:01:05"]
[Board "55"]

1. d4 Nf6 2. Nf3 d6 3. Bf4 c5 4. e3 g6 5. c3 Qb6 6. Qb3 Bg7 7. h3 Be6 8. Qxb6 axb6 9. a3 Na6 10. Nbd2 Nc7 11. Be2 cxd4 12. exd4 b5 13. O-O h6 14. Rfe1 Nfd5 15. Bh2 Nb6 16. Bd3 Kd7 17. Re2 Na4 18. Ne4 Bc4 19. Bxc4 bxc4 20. Rae1 Nd5 21. Rc2 f5 22. Ned2 Rac8 23. Re2 Bf6 24. Nf1 Bg5 25. Nxg5 hxg5 26. Ne3 Nxe3 27. fxe3 Rh4 28. Bg3 Re4 29. Kf2 Nb6 30. Kf1 Nd5 31. Bf2 Rh8 32. Kg1 g4 33. h4 Ra8 34. Kf1 Kc6 35. Ke1 Kb5 36. Kd2 Ka4 37. Bg3 Kb3 38. Kc1 Rh8 39. Bf4 Rxh4 40. g3 Rh1+ 41. Kd2 Rh5 42. Kc1 g5 43. Rcd2 b5 44. Rd1 gxf4 45. exf4 Rxe2 0-1


[Site "https://www.chess.com"]

[Event "Titled Tuesday Blitz November 14 Late 2023"]
[White "Rastbod, Ali"]
[Black "Mazurkiewicz, Michal"]
[WhiteFideId "12567477"]
[BlackFideId "1124943"]
[WhiteElo "2772"]
[BlackElo "2432"]
[Result "1-0"]
[Round "1"]
[TimeControl "180+1"]
[Date "2023.11.14"]
[WhiteClock "0:00:58"]
[BlackClock "0:00:00"]
[Board "56"]

1. e4 d6 2. d4 Nf6 3. Nc3 c6 4. Nf3 Bg4 5. Be2 e6 6. h3 Bh5 7. Bf4 d5 8. e5 Nfd7 9. Ng5 Bg6 10. Bd3 Be7 11. h4 c5 12. dxc5 Bxc5 13. h5 Bxd3 14. cxd3 Nc6 15. Nf3 Qb6 16. O-O Qxb2 17. Na4 Qa3 18. Nxc5 Nxc5 19. d4 Ne4 20. h6 g6 21. Rb1 Nc3 22. Rb3 Qa5 23. Qe1 Ne4 24. Rxb7 O-O 25. Qxa5 Nxa5 26. Rc7 Rfc8 27. Rfc1 Nc4 28. Rxc8+ Rxc8 29. Ng5 Nxg5 30. Bxg5 Kf8 31. Rb1 Nb6 32. a4 Rb8 33. a5 Nd7 34. Rc1 Ke8 35. Rc7 a6 36. Kh2 Ra8 37. Kg3 Rb8 38. Kg4 Ra8 39. Rc6 Nb8 40. Rc8+ Kd7 41. Rh8 Kc7 42. Rxh7 Nd7 43. Rxf7 Rb8 44. h7 Rh8 45. Bh6 Kc6 46. Kg5 Re8 47. Kxg6 Rh8 48. Bg7 Rxh7 49. Kxh7 1-0


[Site "https://www.chess.com"]

[Event "Titled Tuesday Blitz November 14 Late 2023"]
[White "ATM622"]
[Black "Borsuk, Konstantin"]
[BlackFideId "14113406"]
[WhiteElo "2431"]
[BlackElo "2770"]
[Result "0-1"]
[Round "1"]
[TimeControl "180+1"]
[Date "2023.11.14"]
[WhiteClock "0:00:02"]
[BlackClock "0:00:11"]
[Board "57"]

1. d4 Nf6 2. c4 e6 3. g3 Bb4+ 4. Nd2 a5 5. Bg2 O-O 6. Nf3 Re8 7. O-O d5 8. Qc2 Nbd7 9. Rd1 c6 10. e4 dxe4 11. Nxe4 Nxe4 12. Qxe4 h6 13. a3 Bf8 14. Qc2 a4 15. Be3 Qa5 16. c5 Nf6 17. Ne5 Nd5 18. Bd2 Qd8 19. Be4 f5 20. Bf3 Nf6 21. Be3 g5 22. h4 g4 23. Bg2 Bg7 24. Nc4 Nd5 25. Nd6 Rf8 26. Qd2 f4 27. gxf4 Qxh4 28. Ne4 Bd7 29. Ng3 Rf7 30. Ne2 Raf8 31. Qd3 Be8 32. Qe4 Rf6 33. Qe5 Bg6 34. Be4 Bxe4 35. Qxe4 Kh8 36. Ng3 Nxf4 37. Rd2 Nd5 38. Kg2 Qh3+ 39. Kg1 Rf3 40. Nf1 Qh5 41. Qxe6 Rh3 42. Ng3 Qh4 43. Re2 Rxg3+ 44. fxg3 Qxg3+ 45. Kh1 Qf3+ 46. Rg2 Nxe3 47. Rg1 Nxg2 48. Rxg2 Qh3+ 49. Kg1 Bxd4+ 0-1


[Site "https://www.chess.com"]

[Event "Titled Tuesday Blitz November 14 Late 2023"]
[White "Sokolovsky, Yahli"]
[Black "Stanojevic, Ilija"]
[WhiteFideId "2820242"]
[BlackFideId "959995"]
[WhiteElo "2768"]
[BlackElo "2428"]
[Result "1-0"]
[Round "1"]
[TimeControl "180+1"]
[Date "2023.11.14"]
[WhiteClock "0:00:31"]
[BlackClock "0:00:52"]
[Board "58"]

1. b3 e5 2. Bb2 Nc6 3. e3 Nf6 4. Nf3 e4 5. Nd4 Na5 6. c4 c5 7. Ne2 d5 8. cxd5 Nxd5 9. Nbc3 Nb4 10. Nf4 Bf5 11. Bb5+ Nac6 12. a3 Nd3+ 13. Nxd3 exd3 14. Qf3 Qd7 15. e4 Be6 16. Nd5 Bd6 17. Bxg7 O-O-O 18. Bxh8 Bxd5 19. exd5 Re8+ 20. Kd1 a6 21. dxc6 Qe6 22. cxb7+ Kb8 23. Bxe8 Qxb3+ 24. Ke1 1-0


[Site "https://www.chess.com"]

[Event "Titled Tuesday Blitz November 14 Late 2023"]
[White "szachmistrz2500"]
[Black "Korchmar, Vasiliy"]
[BlackFideId "24131750"]
[WhiteElo "2428"]
[BlackElo "2758"]
[Result "0-1"]
[Round "1"]
[TimeControl "180+1"]
[Date "2023.11.14"]
[WhiteClock "0:01:32"]
[BlackClock "0:01:27"]
[Board "59"]

1. Nf3 d5 2. g3 Nf6 3. Bg2 c5 4. O-O e6 5. d3 Nc6 6. Nbd2 Be7 7. e4 O-O 8. c3 b5 9. Re1 a5 10. e5 Nd7 11. Qe2 b4 12. c4 Nb6 13. h4 Ba6 14. b3 a4 15. Nf1 Qc7 16. h5 axb3 17. axb3 dxc4 18. dxc4 Bxc4 19. bxc4 Rxa1 20. h6 g6 21. N1h2 Na5 22. Nd2 b3 23. Ng4 Rd8 24. Bf1 Rd4 25. Nf6+ Bxf6 26. exf6 Ra2 27. Qf3 Rdxd2 28. Bxd2 Rxd2 29. Ra1 b2 30. Rxa5 b1=Q 31. Ra8+ Nxa8 32. Qxa8+ Rd8 33. Qa4 Qd7 34. Qa5 Qdd3 35. Kh2 Qbxf1 36. Qc7 Qxf2+ 37. Kh3 Qdf5+ 38. Kh4 Qh2# 0-1


[Site "https://www.chess.com"]

[Event "Titled Tuesday Blitz November 14 Late 2023"]
[White "Nazari, Arad"]
[Black "Akhayan, Ruben"]
[WhiteFideId "12577324"]
[BlackFideId "204439"]
[WhiteElo "2757"]
[BlackElo "2427"]
[Result "1-0"]
[Round "1"]
[TimeControl "180+1"]
[Date "2023.11.14"]
[WhiteClock "0:00:24"]
[BlackClock "0:00:26"]
[Board "60"]

1. e4 e5 2. f4 Nc6 3. Nf3 f5 4. exf5 e4 5. Ne5 Nf6 6. Nc3 d6 7. Nxc6 bxc6 8. g4 h5 9. g5 Nd5 10. Nxe4 Bxf5 11. d3 Qe7 12. Qf3 Bg4 13. Qf2 Nb4 14. a3 d5 15. axb4 dxe4 16. Be3 Qxb4+ 17. c3 Qe7 18. dxe4 g6 19. Bg2 Bg7 20. O-O O-O 21. Bc5 Qf7 22. Bxf8 Bxf8 23. Rxa7 Rd8 24. f5 Qc4 25. Ra5 Bd6 26. e5 Bf8 27. fxg6 Bg7 28. Qf7+ Qxf7 29. gxf7+ Kf8 30. Bxc6 Be6 31. g6 Ke7 32. Ra7 Bxe5 33. Ra8 1-0


[Site "https://www.chess.com"]

[Event "Titled Tuesday Blitz November 14 Late 2023"]
[White "PapaieDudu"]
[Black "Karacsonyi, Gellert"]
[BlackFideId "764620"]
[WhiteElo "2427"]
[BlackElo "2757"]
[Result "0-1"]
[Round "1"]
[TimeControl "180+1"]
[Date "2023.11.14"]
[WhiteClock "0:00:04"]
[BlackClock "0:00:12"]
[Board "61"]

1. e4 c5 2. Nf3 Nc6 3. d4 cxd4 4. c3 Nf6 5. e5 Nd5 6. cxd4 d6 7. Nc3 Nxc3 8. bxc3 dxe5 9. d5 Nb8 10. Nxe5 Nd7 11. Nf3 g6 12. Bb5 Bg7 13. O-O O-O 14. Rb1 Bxc3 15. Nd4 a6 16. Ba4 b5 17. Bb3 Nf6 18. Nc6 Qd6 19. Qf3 b4 20. Bf4 Qc5 21. d6 Bg4 22. Nxe7+ Kg7 23. Qg3 h5 24. h3 Bd7 25. Bxf7 Rxf7 26. Bh6+ Kh8 27. Nxg6+ Kh7 28. Ne7 Bf5 29. Bg5 Ne4 30. Qh4 Bg6 31. Kh2 Qxg5 32. Qxg5 Nxg5 33. f4 Raf8 34. Rbd1 Rxf4 35. Rxf4 Rxf4 36. d7 Ne6 37. Nc6 Rf8 38. Rd6 Nd8 39. Kh1 Nxc6 40. Rxc6 Bf6 41. g3 Bd8 42. Rxa6 Be4+ 43. Kg1 Rf7 44. Ra7 Bf5 45. Ra5 Bxd7 46. Rxh5+ Kg6 47. Ra5 Bxa5 48. Kg2 Bc6+ 49. Kh2 0-1


[Site "https://www.chess.com"]

[Event "Titled Tuesday Blitz November 14 Late 2023"]
[White "Schnaider, Ilan"]
[Black "Ponce Cano, Adrian"]
[WhiteFideId "169013"]
[BlackFideId "22296913"]
[WhiteElo "2742"]
[BlackElo "2427"]
[Result "0-1"]
[Round "1"]
[TimeControl "180+1"]
[Date "2023.11.14"]
[WhiteClock "0:00:00"]
[BlackClock "0:01:26"]
[Board "62"]

1. e4 c5 2. Nf3 a6 3. c4 Nc6 4. d4 cxd4 5. Nxd4 Nf6 6. Nc3 d6 7. Be2 g6 8. O-O Bg7 9. Be3 O-O 10. f3 Nd7 11. Rc1 Nde5 12. b3 Nxd4 13. Bxd4 Nc6 14. Bxg7 Kxg7 15. Qd2 Be6 16. Qe3 Rc8 17. Rfd1 Qa5 18. Kh1 Qh5 19. Nd5 Bxd5 20. cxd5 Ne5 0-1


[Site "https://www.chess.com"]

[Event "Titled Tuesday Blitz November 14 Late 2023"]
[White "Molina Carretero, Daniel"]
[Black "Goltsev, Dmitry"]
[WhiteFideId "32071914"]
[BlackFideId "24176710"]
[WhiteElo "2427"]
[BlackElo "2740"]
[Result "1-0"]
[Round "1"]
[TimeControl "180+1"]
[Date "2023.11.14"]
[WhiteClock "0:00:19"]
[BlackClock "0:00:09"]
[Board "63"]

1. c4 e5 2. g3 d5 3. cxd5 Qxd5 4. Nf3 Nf6 5. Bg2 Nc6 6. O-O Be7 7. Nc3 Qd8 8. d3 O-O 9. Bg5 h6 10. Bxf6 Bxf6 11. Rc1 Be6 12. a3 Be7 13. Ne4 Bd5 14. Nc5 Bxc5 15. Rxc5 Qd6 16. Qc2 Rfe8 17. b4 a6 18. Rc1 e4 19. dxe4 Bxe4 20. Qc4 Rad8 21. h3 Re6 22. a4 b6 23. Rh5 Qxb4 24. Qxb4 Nxb4 25. Rxc7 Bg6 26. Rh4 a5 27. Nd4 Red6 28. e3 R6d7 29. Rxd7 Rxd7 30. Be4 Bxe4 31. Rxe4 Kf8 32. Re5 Rc7 33. Rb5 Rb7 34. Nb3 Nc6 35. Nc5 Rc7 36. Rxb6 Ne5 37. Rb5 Nc4 38. Kg2 g6 39. Nb3 Ra7 40. Rc5 Nb2 41. Rxa5 Rb7 42. Rb5 Ra7 43. a5 Nc4 44. Rc5 Nd6 45. Kf3 f5 46. Rc6 Ke7 47. a6 Nf7 48. Ke2 Ne5 49. Rb6 Kf7 50. Rb7+ Rxb7 51. axb7 Nc6 52. Nc5 Nb8 53. Kd3 Ke7 54. Kd4 Kd6 55. f4 Kc6 56. g4 Kd6 57. gxf5 gxf5 58. h4 h5 59. Kc4 Kc6 60. Kd4 Kd6 61. e4 fxe4 62. Nxe4+ Kc6 63. Nc5 Kd6 64. f5 Ke7 65. Ke5 Nc6+ 66. Kd5 Nb8 67. Ne4 Kd7 68. f6 Kc7 69. f7 Nd7 70. Ke6 Nf8+ 71. Ke7 Ng6+ 72. Kf6 Nf8 73. Nc5 Kb8 74. Kg7 Nd7 75. Nxd7+ Kc7 76. f8=Q Kc6 77. Ne5+ Kb5 78. Nf3 Kc4 79. Ng5 Kd3 80. Qh8 Ke3 81. Qxh5 Kf2 82. Qf3+ Kg1 83. Ne4 Kh2 84. Qg3+ Kh1 85. Qg4 Kh2 86. h5 Kh1 87. h6 Kh2 88. h7 Kh1 89. h8=Q# 1-0


[Site "https://www.chess.com"]

[Event "Titled Tuesday Blitz November 14 Late 2023"]
[White "Djordjevic, Vuk"]
[Black "Estrada Nieto, Julian"]
[WhiteFideId "902098"]
[BlackFideId "5101018"]
[WhiteElo "2738"]
[BlackElo "2427"]
[Result "1-0"]
[Round "1"]
[TimeControl "180+1"]
[Date "2023.11.14"]
[WhiteClock "0:00:53"]
[BlackClock "0:00:11"]
[Board "64"]

1. d4 d5 2. Bf4 Nf6 3. e3 c5 4. c3 Nc6 5. Nd2 e6 6. Ngf3 h6 7. Bb5 Bd6 8. Ne5 Qc7 9. Qa4 Bd7 10. Nxd7 Nxd7 11. Bxc6 bxc6 12. Bg3 O-O 13. O-O Rab8 14. Rab1 Rb5 15. Bxd6 Qxd6 16. Qxa7 cxd4 17. exd4 Rfb8 18. b4 e5 19. dxe5 Nxe5 20. Qd4 R5b7 21. Ne4 Qe7 22. Nc5 Ra7 23. Rfe1 Re8 24. f4 Nf3+ 25. gxf3 Qxe1+ 26. Rxe1 Rxe1+ 27. Kf2 Rae7 28. Qd2 Rh1 29. Kg2 Ree1 30. Nd3 Rhg1+ 31. Kh3 Ref1 32. Qe2 g5 33. Qe8+ Kg7 34. Ne5 Rxf3+ 35. Nxf3 g4+ 36. Kh4 gxf3 37. Qe3 Rf1 38. Kg3 f6 39. a4 h5 40. Qxf3 h4+ 41. Kg2 Rxf3 42. Kxf3 Kg6 43. a5 1-0


[Site "https://www.chess.com"]

[Event "Titled Tuesday Blitz November 14 Late 2023"]
[White "ExchangeAB"]
[Black "Arifarsky"]
[WhiteElo "2426"]
[BlackElo "2736"]
[Result "1-0"]
[Round "1"]
[TimeControl "180+1"]
[Date "2023.11.14"]
[WhiteClock "0:00:57"]
[BlackClock "0:00:04"]
[Board "65"]

1. Nf3 Nf6 2. e3 d5 3. b3 a6 4. Bb2 e6 5. Ne5 Nbd7 6. f4 Bd6 7. Be2 O-O 8. O-O c6 9. d3 Qc7 10. Nxd7 Nxd7 11. Nd2 e5 12. fxe5 Nxe5 13. e4 Ng6 14. h3 Be6 15. Bg4 Rae8 16. Bxe6 fxe6 17. Qg4 Rxf1+ 18. Rxf1 Be5 19. d4 Bf4 20. Nf3 dxe4 21. Ng5 Bxg5 22. Qxg5 Qd7 23. Qe3 Rf8 24. Rxf8+ Nxf8 25. Qxe4 Qd5 26. Qe3 Ng6 27. c4 Qf5 28. Kh2 Qf4+ 29. Qxf4 Nxf4 30. Kg3 Ng6 31. Kf3 Kf7 32. Ke4 Ke7 33. Ba3+ Kf6 34. Bd6 Kf7 35. g4 h6 36. Bg3 Nf8 37. b4 Nd7 38. Be5 b5 39. d5 cxd5+ 40. cxd5 g6 41. Bd4 Nf6+ 42. Bxf6 Kxf6 43. d6 g5 44. a3 Kf7 45. Ke5 Ke8 46. Kxe6 Kd8 47. d7 1-0


[Site "https://www.chess.com"]

[Event "Titled Tuesday Blitz November 14 Late 2023"]
[White "Rohan, Ahuja"]
[Black "Miszler, Levente"]
[WhiteFideId "5090598"]
[BlackFideId "763276"]
[WhiteElo "2716"]
[BlackElo "2425"]
[Result "1-0"]
[Round "1"]
[TimeControl "180+1"]
[Date "2023.11.14"]
[WhiteClock "0:00:23"]
[BlackClock "0:00:55"]
[Board "66"]

1. Nf3 Nf6 2. g3 e6 3. Bg2 c5 4. O-O Nc6 5. d3 d5 6. Nbd2 Be7 7. e4 O-O 8. e5 Nd7 9. Re1 Qc7 10. Qe2 b5 11. Nf1 Bb7 12. h4 Rfc8 13. Bf4 Qd8 14. Ne3 a5 15. Ng4 a4 16. a3 b4 17. Qd2 bxa3 18. bxa3 c4 19. d4 c3 20. Qe3 Na5 21. Bg5 Nc4 22. Qf4 Ba6 23. h5 Bxg5 24. Nxg5 Qe7 25. h6 g6 26. Bf1 Rab8 27. Bxc4 Bxc4 28. Nf6+ Nxf6 29. exf6 Qc7 30. Qf3 Ba6 31. Rxe6 Re8 32. Rxa6 Qb7 33. Rxa4 Qb2 34. Rf1 Qxc2 35. Qxd5 Rf8 36. Ra7 Rbd8 37. Qc4 Qd2 38. Nxf7 Rxd4 39. Qe6 c2 40. Ng5+ Kh8 41. Rxh7# 1-0


[Site "https://www.chess.com"]

[Event "Titled Tuesday Blitz November 14 Late 2023"]
[White "Djabri, Massinas"]
[Black "Hambleton, Aman"]
[WhiteFideId "7905726"]
[BlackFideId "2606577"]
[WhiteElo "2424"]
[BlackElo "2713"]
[Result "0-1"]
[Round "1"]
[TimeControl "180+1"]
[Date "2023.11.14"]
[WhiteClock "0:00:00"]
[BlackClock "0:00:03"]
[Board "67"]

1. d4 Nf6 2. c4 e5 3. dxe5 Ng4 4. Nf3 Bc5 5. e3 Nc6 6. Be2 Ncxe5 7. Nxe5 Nxe5 8. O-O O-O 9. f4 Nc6 10. Nc3 Re8 11. Nd5 Ne7 12. Nxe7+ Qxe7 13. Rf3 d6 14. f5 Qg5 15. Qd3 Bd7 16. Kh1 Bc6 17. Rg3 Qf6 18. Bd2 Be4 19. Qc3 Qxc3 20. Bxc3 g6 21. Rf1 a5 22. fxg6 fxg6 23. h4 Rf8 24. h5 Rxf1+ 25. Bxf1 b6 26. hxg6 hxg6 27. Rh3 Re8 28. Rh8+ Kf7 29. Rh7+ Ke6 30. Be2 Re7 31. Rh3 Bf5 32. g4 Be4+ 33. Kg1 d5 34. Kf2 Rf7+ 35. Ke1 Kd6 36. Bd4 Re7 37. cxd5 Bxd4 38. exd4 Kxd5 39. Kd2 Kxd4 40. Rh7 Rxh7 0-1


[Site "https://www.chess.com"]

[Event "Titled Tuesday Blitz November 14 Late 2023"]
[White "Tristan, Leonardo"]
[Black "Buchenau, Frank"]
[WhiteFideId "113816"]
[BlackFideId "4604350"]
[WhiteElo "2712"]
[BlackElo "2423"]
[Result "1-0"]
[Round "1"]
[TimeControl "180+1"]
[Date "2023.11.14"]
[WhiteClock "0:01:44"]
[BlackClock "0:00:00"]
[Board "68"]

1. d4 e6 2. Nf3 Nf6 3. Bf4 d5 4. e3 c5 5. c3 Nc6 6. Nbd2 Bd6 7. Bg3 O-O 8. Bb5 Ne7 9. Bd3 Ng6 10. Bxd6 Qxd6 11. Bxg6 hxg6 12. Ne5 b6 13. h4 Ba6 14. Qf3 cxd4 15. exd4 Nd7 16. Qg3 Nxe5 17. dxe5 Qc5 18. h5 Qb5 19. O-O-O Qd3 20. Nf3 Qf5 21. Nd4 Qe4 22. Rh4 1-0


[Site "https://www.chess.com"]

[Event "Titled Tuesday Blitz November 14 Late 2023"]
[White "Nunez V, Gustavo Eduardo"]
[Black "Boyer, Mahel"]
[WhiteFideId "4403690"]
[BlackFideId "45102422"]
[WhiteElo "2421"]
[BlackElo "2708"]
[Result "0-1"]
[Round "1"]
[TimeControl "180+1"]
[Date "2023.11.14"]
[WhiteClock "0:00:08"]
[BlackClock "0:00:08"]
[Board "69"]

1. e4 Nc6 2. d4 d5 3. exd5 Qxd5 4. Ne2 Nf6 5. Be3 g6 6. Nbc3 Qd8 7. g3 Bg7 8. Bg2 O-O 9. O-O Ng4 10. Ne4 Nxe3 11. fxe3 e5 12. Nc5 exd4 13. exd4 Nxd4 14. c3 Nxe2+ 15. Qxe2 c6 16. Rae1 Qb6 17. Qc4 Be6 18. Rxe6 fxe6 19. Kh1 Rxf1+ 20. Bxf1 Kh8 21. Nxe6 Qxb2 22. h3 Qf2 23. Bg2 Re8 24. Nxg7 Kxg7 25. Qg4 Re7 26. h4 Qe1+ 27. Kh2 Qe6 28. Qf3 Qe5 29. Qd3 Rf7 30. Kh3 h5 31. Kh2 Qf6 32. a3 Qf5 33. Qd4+ Qf6 34. Qd3 Re7 35. Qc4 Kh7 36. Qd3 a6 37. a4 Qe5 38. Qf1 Kg7 39. Qc4 Rd7 40. Qb4 Rd3 41. Qxb7+ Kh6 42. Qxc6 Qxg3+ 43. Kh1 Rd1+ 0-1


[Site "https://www.chess.com"]